 Dungeon Crawl Stone Soup version 0.18.1-6-gd335043 (webtiles) character file.

2323 Helmschank the Grappler (level 9, -18/70 HPs)
             Began as a Ghoul Monk on May 18, 2016.
             Was an Elder of Kikubaaqudgha.
             Demolished by Erolcha
             ... wielding a +0 giant club
              (20 damage)
             ... on level 8 of the Dungeon.
             The game lasted 00:44:02 (6696 turns).

Helmschank the Grappler (Ghoul Monk)                Turns: 6696, Time: 00:44:02

Health: -18/70     AC: 13    Str: 15    XL:     9   Next: 42%
Magic:  8/8        EV: 17    Int:  8    God:    Kikubaaqudgha [****..]
Gold:   347        SH:  5    Dex: 16    Spells: 3 memorised, 3 levels left

rFire  . . .     SeeInvis .       - Unarmed
rCold  + . .     Gourm    .     c - +0 ring mail
rNeg   + + +     Faith    .     p - +0 buckler
rPois  ∞         Spirit   .     h - +0 helmet
rElec  .         Dismiss  .     a - +2 cloak
rCorr  +         Reflect  .     (no gloves)
SustAt .         Harm     .     q - +2 pair of boots
MR     .....                    (no amulet)
Stlth  ++........               F - ring of resist corrosion
                                k - ring of flight

@: agile, rotting, not resistant to hostile enchantments, unstealthy
A: rotting body, claws 1, carnivore 3, cold resistance 1, negative energy
resistance 3, slow regeneration 1, torment resistance, unbreathing
a: Receive Corpses, Renounce Religion, Evoke Flight


You were on level 8 of the Dungeon.
You worshipped Kikubaaqudgha.
Kikubaaqudgha was greatly pleased with you.
You were not hungry.

You visited 2 branches of the dungeon, and saw 9 of its levels.
You also visited: Sewer.

You collected 347 gold pieces.

Inventory:

Hand Weapons
 r - a +5 whip
Missiles
 e - 184 stones
 j - 46 poisoned needles
 m - 8 tomahawks (quivered)
Armour
 a - a +2 cloak (worn)
 c - a +0 ring mail (worn)
 h - a +0 helmet (worn)
 p - a +0 buckler (worn)
 q - a +2 pair of boots (worn)
 E - a +2 shield
Jewellery
 d - an uncursed ring of ice
 k - a ring of flight (left claw)
 F - a ring of resist corrosion (right claw)
Wands
 y - a wand of flame (23/48)
Scrolls
 f - 3 scrolls of fear
 l - a scroll of remove curse
 o - a scroll of blinking
 t - a scroll of enchant armour
 x - a scroll of magic mapping
 D - 2 scrolls of fog
Potions
 i - 4 potions of heal wounds
 n - 2 potions of might
 s - 2 potions of flight
 u - 3 potions of curing
 A - 3 potions of brilliance
 C - 4 potions of agility
 G - a potion of haste
Books
 g - Kikubaaqudgha's Compendium of Dark Magic
   (Kikubaaqudgha gifted it to you in a sewer)

   Spells                             Type                      Level
   a - Animate Dead                   Necromancy                   4
   b - Excruciating Wounds            Charms/Necromancy            5
   c - Bolt of Draining               Conjuration/Necromancy       5
   d - Agony                          Necromancy                   5
   e - Dispel Undead                  Necromancy                   5
 v - Kikubaaqudgha's Collected Works on Darkness
   (Kikubaaqudgha gifted it to you in the Ecumenical Temple)

   Spells                             Type                      Level
   a - Animate Skeleton               Necromancy                   1
   b - Pain                           Necromancy                   1
   c - Corpse Rot                     Necromancy                   2
   d - Vampiric Draining              Necromancy                   3
   e - Control Undead                 Necromancy                   4
 w - a book of Clouds

   Spells                             Type                      Level
   a - Mephitic Cloud                 Conjuration/Poison/Air       3
   b - Conjure Flame                  Conjuration/Fire             3
   c - Poisonous Cloud                Conjuration/Poison/Air       6
   d - Freezing Cloud                 Conjuration/Ice/Air          6
   e - Ring of Flames                 Charms/Fire                  7
 I - a book of Envenomations

   Spells                             Type                      Level
   a - Spider Form                    Transmutation/Poison         3
   b - Olgreb's Toxic Radiance        Poison                       4
   c - Alistair's Intoxication        Transmutation/Poison         5
   d - Poisonous Cloud                Conjuration/Poison/Air       6
Comestibles
 b - 5 meat rations
 z - a beef jerky


   Skills:
 - Level 3.2 Fighting
 - Level 3.0 Armour
 - Level 3.2 Dodging
 - Level 2.1 Stealth
 + Level 3.0 Shields
 - Level 10.0 Unarmed Combat
 + Level 7.1 Necromancy


You had 3 spell levels left.
You knew the following spells:

 Your Spells              Type           Power        Failure   Level  Hunger
v - Vampiric Draining     Necr           ##........   17%         3    ####...
x - Animate Skeleton      Necr           N/A          6%          1    ##.....
z - Pain                  Necr           ##..         6%          1    ##.....


Dungeon Overview and Level Annotations

Branches:
Dungeon (8/15)             Temple (1/1) D:4
   Lair: D:8-11

Altars:
Cheibriados
Dithmenos
Elyvilon
Fedhas
Gozag
Kikubaaqudgha
Makhleb
Nemelex Xobeh
Okawaru
Pakellas
Qazlal
Ru
Sif Muna
Trog
Vehumet
Xom
Yredelemnul
Zin
The Shining One

Annotations:
D:7 shinino's ghost, novice DsGl
D:8 Erolcha


Innate Abilities, Weirdness & Mutations

Your body is rotting away.
You thrive on raw meat.
You are immune to poison.
You have sharp fingernails.
You are carnivorous and can eat meat at any time.
Your flesh is cold resistant.
You are immune to negative energy.
You regenerate slowly when monsters are visible.
You are immune to unholy pain and torment.
You can survive without breathing.


Message History

You completely miss something. You scratch something. Something hits you!
You take 15 damage, and have 26/70 hp.
MASSIVE DAMAGE!!
You closely miss something. You barely miss something. Something hits you!
* * * LOW HITPOINT WARNING * * *
You take 13 damage, and have 14/70 hp.
You closely miss something. Something barely misses you.
You barely miss something. You scratch something but do no damage.
Something hits you.
* * * LOW HITPOINT WARNING * * *
You take 1 damage, and have 13/70 hp.
You closely miss something. Something hits you!
* * * LOW HITPOINT WARNING * * *
You take 11 damage, and have 2/70 hp.
You scratch something.
Eat which item? (? for menu, Esc to quit)
Something hits you!!
You die...
Kikubaaqudgha rasps: "You have failed me!
Welcome... oblivion!"

.#
#.#.####.##...
.#
#.#.#<......#
.#
#.#..........
.#
#.#######.####
.# #.........#
.# ########..#
.# #..#
#######..#
#....{@..#
#.#####.## #.#
#.# #.# #.#
....≈≈. #.#
....... .#
.......


There were no monsters in sight!

Vanquished Creatures
  The ghost of sugabear the Skirmisher, an amateur VSWn of Zin (D:4)
  A hippogriff (D:5)
  A water moccasin (D:5)
  An orc warrior (D:8)
  3 ogres
  2 centaurs
  2 big kobolds (Sewer)
  A giant frog (D:5)
  A scorpion (D:5)
  A crimson imp (D:6)
  2 giant frog zombies
  3 jellies
  3 hounds
  2 orc wizards
  A gnoll shaman (D:2)
  2 orc priests
  2 centaur skeletons
  3 iguanas
  3 worker ants
  A hound zombie (D:5)
  A howler monkey zombie (D:7)
  A worker ant zombie (D:5)
  Robin (D:3)
  5 gnolls
  14 adders
  A howler monkey skeleton (D:5)
  4 river rats (Sewer)
  2 shadow imps
  A giant gecko (D:2)
  26 orcs
  6 ball pythons
  2 bats
  13 giant cockroaches
  13 goblins
  10 hobgoblins
  6 jackals
  26 kobolds
  3 quokkas
  A giant cockroach zombie (D:5)
  5 giant newts
  A jackal skeleton (D:4)
  15 rats
193 creatures vanquished.

Vanquished Creatures (collateral kills)
  A centaur (D:7)
  An iguana (D:7)
  A river rat (Sewer)
  A giant gecko (D:6)
  A ball python (Sewer)
  2 kobolds (Sewer)
  9 rats (Sewer)
16 creatures vanquished.

Vanquished Creatures (others)
  A plant (D:3)
1 creature vanquished.

Grand Total: 210 creatures vanquished

Notes
Turn   | Place    | Note
--------------------------------------------------------------
     0 | D:1      | Helmschank the Ghoul Monk began the quest for the Orb.
     0 | D:1      | Reached XP level 1. HP: 19/19 MP: 0/0
   147 | D:1      | Reached XP level 2. HP: 25/25 MP: 1/1
   727 | D:2      | Reached skill level 5 in Unarmed Combat
   727 | D:2      | Reached XP level 3. HP: 20/30 MP: 2/2
   924 | D:2      | Found an oddly glowing altar of Pakellas.
  1209 | D:2      | Reached XP level 4. HP: 33/38 MP: 3/3
  1649 | D:3      | Reached skill level 1 in Armour
  1654 | D:3      | Noticed Robin
  1658 | D:3      | Killed Robin
  1658 | D:3      | Reached skill level 6 in Unarmed Combat
  1658 | D:3      | Reached XP level 5. HP: 45/45 MP: 4/4
  1885 | D:3      | Reached XP level 6. HP: 50/51 MP: 5/5
  1978 | D:3      | Reached skill level 7 in Unarmed Combat
  2556 | D:4      | Found a deep blue altar of Sif Muna.
  2623 | D:4      | Found a staircase to the Ecumenical Temple.
  2634 | D:4      | Noticed sugabear's ghost (amateur VSWn)
  2635 | Temple   | Entered the Ecumenical Temple
  2727 | Temple   | Became a worshipper of Kikubaaqudgha
  2727 | Temple   | Reached * piety under Kikubaaqudgha
  2727 | Temple   | Received a gift from Kikubaaqudgha
  2727 | Temple   | Reached ** piety under Kikubaaqudgha
  2728 | Temple   | Identified Kikubaaqudgha's Collected Works on Darkness (Kikubaaqudgha gifted it to you in the Ecumenical Temple)
  2731 | Temple   | Learned a level 1 spell: Animate Skeleton
  2804 | D:4      | Killed sugabear's ghost
  2804 | D:4      | Reached skill level 1 in Necromancy
  2804 | D:4      | Reached XP level 7. HP: 41/57 MP: 6/6
  2974 | D:4      | Found a blossoming altar of Fedhas.
  3069 | D:4      | Reached skill level 8 in Unarmed Combat
  3098 | D:4      | Found an iron altar of Okawaru.
  3159 | D:5      | Entered Level 5 of the Dungeon
  3193 | D:5      | Found a glowing golden altar of the Shining One.
  3453 | D:5      | Reached XP level 8. HP: 61/61 MP: 7/7
  3474 | D:5      | Reached skill level 9 in Unarmed Combat
  3832 | D:5      | Reached skill level 10 in Unarmed Combat
  4123 | D:6      | Found a sparkling altar of Nemelex Xobeh.
  4128 | D:6      | Found a glowing drain.
  4168 | Sewer    | Entered a sewer
  4192 | Sewer    | Reached *** piety under Kikubaaqudgha
  4192 | Sewer    | Received a gift from Kikubaaqudgha
  4193 | Sewer    | Identified Kikubaaqudgha's Compendium of Dark Magic (Kikubaaqudgha gifted it to you in a sewer)
  4196 | Sewer    | Learned a level 1 spell: Pain
  4200 | Sewer    | Learned a level 3 spell: Vampiric Draining
  4315 | Sewer    | Reached skill level 5 in Necromancy
  4586 | Sewer    | Reached XP level 9. HP: 69/70 MP: 6/8
  4917 | D:6      | Reached skill level 1 in Shields
  5090 | D:6      | Reached **** piety under Kikubaaqudgha
  5435 | D:7      | Noticed shinino's ghost (novice DsGl)
  6678 | D:8      | Noticed Erolcha
  6694 | D:8      | HP: 2/70 [something (11)]
  6696 | D:8      | Demolished by Erolcha

Skill      XL: |  1  2  3  4  5  6  7  8  9 |
---------------+----------------------------+-----
Dodging        | 3 |  3.2
Unarmed Combat | 5 6 7 8 10 | 10.0
Armour         | 1 2 3 |  3.0
Necromancy     | 1 3 5 7 |  7.1
Shields        | 3 |  3.0
Fighting       | |  3.2
Stealth        | |  2.1

Action                   |  1- 3 |  4- 6 |  7- 9 || total
-------------------------+-------+-------+-------++-------
Melee: Unarmed           |    85 |   241 |   361 ||   687
       Punch             |     1 |     4 |     7 ||    12
Throw: Tomahawk          |     5 |    27 |    48 ||    80
       Stone             |     3 |     2 |       ||     5
 Cast: Animate Skeleton  |       |       |    38 ||    38
       Pain              |       |       |     7 ||     7
       Vampiric Draining |       |       |     1 ||     1
  Use: Scroll            |       |       |    20 ||    20
       Potion            |       |       |     1 ||     1
 Stab: Sleeping          |     4 |     1 |       ||     5
  Eat: Chunk             |    12 |    48 |    51 ||   111
       Beef jerky        |       |       |     1 ||     1
Armor: Robe              |    14 |       |       ||    14
       Ring mail         |       |   100 |   146 ||   246
Dodge: Dodged            |    51 |   128 |   156 ||   335
Block: Buckler           |       |       |    24 ||    24
